 Dungeon Crawl Stone Soup version 0.31.0-11-ge490571c62 (webtiles) character file.

Game seed: 9004977623443771820

83 SnakkuSnakku7 the Caller (level 4, -2/37 HPs)
             Began as a Ghoul Summoner on Jan 26, 2024.
             Slain by an iguana (10 damage)
             ... on level 3 of the Dungeon.
             The game lasted 00:01:52 (1756 turns).

SnakkuSnakku7 the Caller (Ghoul Summoner)           Turns: 1756, Time: 00:01:53

Health: -2/37      AC:  9    Str: 13    XL:     4   Next: 44%
Magic:  6/6        EV:  6    Int: 14    God:
Gold:   128        SH:  0    Dex: 15    Spells: 5/6 levels left

rFire   . .          .
                       - Unarmed
rCold   + . .        (no shield)
rNeg    + + +        e - +0 chain mail
rPois   ∞            (no helmet)
rElec   .            (no cloak)
rCorr   .            (no gloves)
SInv    .            k - +0 pair of boots
Will    .....        (no amulet) Stlth
                     f - +6 ring of dexterity
HPRegen 0.00/turn    (no ring)
MPRegen 0.10/turn

%: no passive effects
@: inhibited regen
A: claws 1, cold resistance 1, negative energy resistance 3, inhibited
regeneration, torment resistance 2, devour on kill
a: no special abilities


You were on level 3 of the Dungeon.
You visited 1 branch of the dungeon, and saw 3 of its levels.

You collected 128 gold pieces.

Inventory:

Armour
 a - a +0 robe
 e - a +0 chain mail (worn)
 k - a +0 pair of boots (worn)
Jewellery
 f - a +6 ring of dexterity (left claw)
Scrolls
 c - a scroll of amnesia {unknown}
 g - a scroll of acquirement {unknown}
 h - a scroll of silence {unknown}
 i - a scroll of identify {unknown}
 l - a scroll of noise {unknown}
Potions
 b - a potion of magic
 d - a potion of berserk rage {unknown}
 j - 3 potions of invisibility {unknown}


   Skills:
 + Level 2.9 Fighting
 - Level 1.7 Dodging
 - Level 2.1 Stealth
 + Level 2.9 Unarmed Combat
 - Level 1.7 Spellcasting
 - Level 3.6 Summonings


You had 5 spell levels left.
You knew the following spells:

 Your Spells              Type           Power      Damage    Failure   Level
a - Summon Small Mammal   Summ           44%        N/A       80%         1

Your spell library contained the following spells:

 Spells                   Type           Power      Damage    Failure   Level
 Call Imp                 Summ           22%        N/A       90%         2
 Shock                    Conj/Air       4%         1d3       99%         1
 Call Canine Familiar     Summ           11%        N/A       99%         3
 Swiftness                Air            1%         N/A       100%        3
 Airstrike                Air            0%         2d(1-17)  100%        4
 Summon Blazeheart Golem  Fire/Summ      6%         N/A       100%        4
 Summon Lightning Spire   Summ/Air       6%         N/A       100%        4


Dungeon Overview and Level Annotations

Branches:
Dungeon (3/15)

Altars:
Trog


Innate Abilities, Weirdness & Mutations

You are immune to poison.
You have sharp fingernails.
Your flesh is cold resistant. (rC+)
You are immune to negative energy. (rN+++)
You do not regenerate when monsters are visible.
You are immune to unholy pain and torment.
You thrive by killing the living.


Message History

An iguana is nearby!
An iguana is nearby!
An orc comes into view. It is wielding a +0 club.
Found 13 gold pieces.
The orc shouts!
You hear a shout! x2
The iguana bites you!
You scratch the iguana but do no damage.
The iguana bites you.
The iguana bites you but does no damage.
The orc hits you but does no damage.
You scratch the iguana but do no damage.
The iguana barely misses you. The orc hits you but does no damage.
You scratch the iguana.
The iguana is lightly wounded.
An orc wizard comes into view. It is wielding a +0 dagger.
The iguana closely misses you.
You barely miss the iguana.
The iguana is lightly wounded.
The orc wizard mumbles some strange words.
The orc wizard flickers and vanishes!
Deactivating autopickup; reactivate with Ctrl-A.
The iguana bites you!
You scratch the iguana.
The iguana is lightly wounded.
An orc comes into view. It is wielding a +0 short sword.
The iguana barely misses you.
You scratch the iguana but do no damage.
The iguana is lightly wounded.
The iguana bites you but does no damage.
You scratch the iguana.
The iguana is moderately wounded.
The iguana bites you!
* * * LOW HITPOINT WARNING * * *
You claw the iguana!
The iguana is severely wounded.
The iguana bites you but does no damage.
You scratch the iguana but do no damage.
The iguana is severely wounded.
The iguana bites you!
You die...

###+# $...
#..
#..######.#
#..o.......
#o#l#######
#.#@# #.#.#
#.#.# #.<.#
#####


You could see an iguana and an orc.

Vanquished Creatures
  2 adders (D:2)
  4 dart slugs
  4 bats
  5 endoplasms
  2 giant cockroaches
  3 goblins
  4 hobgoblins
  7 jackals
  4 quokkas
  5 ball pythons
  5 frilled lizards
  2 kobolds
  4 rats
51 creatures vanquished.

Notes
Turn   | Place    | Note
-------+----------+-------------------------------------------
     0 | D:1      | SnakkuSnakku7 the Ghoul Summoner began the quest for the
                  | Orb.
     0 | D:1      | Reached XP level 1. HP: 14/14 MP: 3/3
    36 | D:1      | Reached skill level 1 in Fighting
    36 | D:1      | Reached skill level 1 in Unarmed Combat
    41 | D:1      | Reached XP level 2. HP: 7/23 MP: 4/4
   349 | D:1      | Reached XP level 3. HP: 19/29 MP: 5/5
   458 | D:1      | You fall into a shaft and drop 1 floor!
   921 | D:2      | Found a bloodstained altar of Trog.
   944 | D:2      | Reached XP level 4. HP: 30/37 MP: 6/6
  1756 | D:3      | Slain by an iguana

Illustrated notes

Levels and vault maps discovered:
D:1:      grunt_arrival_lava_bath, layout_loops_cross, serial_glass,
          glass_columns_a, glass_columns_c, glass_columns_b, glass_columns_a,
          glass_columns_a, glass_columns_b, minmay_pentomino_u4
D:2:      layout_basic, basic_altar, serial_forest,
          infiniplex_forest_clump_small, infiniplex_forest_straight_3,
          infiniplex_forest_end_2, infiniplex_forest_lined_corner,
          infiniplex_forest_lined_ring, infiniplex_forest_zigzag_2,
          infiniplex_forest_straight_2, infiniplex_forest_fountain,
          infiniplex_forest_end_1, infiniplex_forest_straight_2,
          minmay_misc_feat_enclosed
D:3:      layout_loops_ring, led_sif_book, kennysheep_potato, uniq_jessica

Skill      XL: |  1  2  3 |
---------------+----------+-----
Fighting       | 1 2 |  2.9
Unarmed Combat | 1 2 |  2.9
Dodging        | |  1.7
Stealth        | |  2.1
Spellcasting   | |  1.7
Summonings     | |  3.6

Action                     |  1- 3 |  4- 6 || total
---------------------------+-------+-------++-------
  Melee: Unarmed           |   120 |    49 ||   169
         Punch             |     4 |     2 ||     6
 Armour: Robe              |    17 |       ||    17
         Chain mail        |    56 |    43 ||    99
  Dodge: Dodged            |    55 |    13 ||    68
